Map: Deathaura LE

Players

GunGFuBanDa

  • Race: Protoss Protoss
  • League: Grandmaster
  • Spawn Location: 5:00

AGOElazer (Elazer) - Winner!

  • Race: Zerg Zerg
  • Spawn Location: 11:00

Event: DreamHack SC2 Masters 2020 Winter

VOD

Have the link to the VOD?

Description

Time

  • Played on: Oct. 31, 2020, 11:31 a.m.
  • Length: 14:52

All games in this series

Show
View Real Time Build Order
Export as new Build Order

GunGFuBanDa Protoss 

Build Orders: 1 Gate Expand, Oracle Opening 

Get SALT Encoding   

  12  0:00  Probe  
  13  0:12  Probe  
  14  0:20  Pylon  
  14  0:24  Probe  
  15  0:39  Probe (Chrono Boost)  
  15  0:41  Gateway  
  16  0:46  Probe (Chrono Boost)  
  17  0:50  Assimilator  
  17  0:53  Probe  
  18  1:05  Probe  
  19  1:17  Probe  
  20  1:26  Nexus  
  20  1:37  Cybernetics Core  
  20  1:39  Probe  
  21  1:47  Assimilator  
  21  1:51  Probe  
  22  1:55  Pylon  
  22  2:03  Probe (Chrono Boost)  
  23  2:11  Adept (Chrono Boost)  
  26  2:15  Probe (Chrono Boost)  
  26  2:21  Probe (Chrono Boost)  
  27  2:25  Stargate  
  27  2:29  Probe  
  27  2:33  Warp Gate  
  28  2:37  Adept (Chrono Boost)  
  28  2:38  Probe  
  28  2:42  Probe  
  32  2:50  Probe  
  33  2:54  Probe  
  34  3:02  Gateway, Probe  
  37  3:06  Adept, Probe  
  37  3:09  Oracle (Chrono Boost)  
  41  3:14  Probe  
  41  3:18  Probe  
  43  3:21  Pylon  
  43  3:27  Probe  
  44  3:30  Probe  
  45  3:39  Probe  
  45  3:40  Oracle (Chrono Boost)  
  46  3:42  Probe  
  46  3:46  Pylon  
  50  3:51  Probe  
  50  3:54  Gateway, Probe  
  52  4:01  Pylon  
  52  4:03  Probe  
  52  4:06  Probe  
  54  4:14  Oracle  
  54  4:16  Probe (Chrono Boost)  
  58  4:18  Probe (Chrono Boost)  
  59  4:28  Assimilator x2  
  59  4:30  Probe (Chrono Boost)  
  59  4:31  Pylon  
  61  4:33  Probe (Chrono Boost)  
  61  4:36  Probe (Chrono Boost)  
  62  4:40  Probe (Chrono Boost)  
  62  4:43  Nexus  
  62  4:45  Pylon, Probe  
  64  4:46  Zealot, Adept  
  64  4:49  Robotics Facility  
  68  5:05  Probe  
  69  5:07  Shield Battery  
  69  5:08  Zealot x2, Sentry  
  69  5:09  Pylon, Probe  
  69  5:13  Forge  
  76  5:19  Probe (Chrono Boost)  
  77  5:22  Probe (Chrono Boost)  
  78  5:29  Sentry  
  78  5:30  Zealot, Twilight Council  
  78  5:32  Probe (Chrono Boost)  
  78  5:34  Probe (Chrono Boost)  
  84  5:37  Observer  
  84  5:41  Probe  
  84  5:42  Probe  
  86  5:43  Protoss Ground Weapons Level 1 (Chrono Boost)  
  87  5:53  Probe  
  87  5:54  Pylon, Probe  
  87  5:56  Probe  
  90  5:58  Immortal  
  94  6:05  Probe  
  94  6:06  Probe  
  94  6:07  Gateway  
  94  6:08  Gateway, Probe  
  97  6:12  Blink  
  97  6:15  Robotics Bay  
  97  6:18  Probe  
  98  6:21  Assimilator x2  
  98  6:26  Shield Battery  
  98  6:28  Stalker x2  
  99  6:38  Probe x2  
  99  6:39  Immortal  
  98  6:50  Stalker  
  97  6:56  Stalker x2  
  95  7:01  Shield Battery  
  95  7:08  Shield Battery  
  95  7:09  Cybernetics Core  
  95  7:16  Shield Battery  
  95  7:20  Pylon  
  95  7:26  Pylon x3  
  95  7:31  Pylon  
  95  7:38  Pylon  
  95  7:39  Pylon  
  95  7:41  Disruptor (Chrono Boost)  
  95  7:43  Dark Shrine  
  95  7:47  Stalker x2  
  95  7:48  Stalker x2  
  106  7:57  Pylon  
  106  8:09  Disruptor (Chrono Boost)  
  109  8:15  Stalker x2  
  109  8:16  Zealot x2  
  117  8:38  Colossus (Chrono Boost)  
  119  8:43  Stalker, Zealot  
  119  8:44  Zealot x2  
  127  8:53  Extended Thermal Lance  
  127  8:56  Nexus  
  127  8:59  Pylon  
  127  9:12  Probe  
  127  9:19  Protoss Ground Weapons Level 2 (Chrono Boost)  
  127  9:20  Stalker x2  
  127  9:21  Stalker, Probe  
  134  9:24  Probe  
  134  9:27  Gateway, Pylon  
  133  9:33  Probe  
  133  9:36  Probe  
  133  9:38  Colossus (Chrono Boost)  
  135  9:45  Probe  
  135  9:49  Nexus, Probe  
  135  9:51  Gateway, Pylon  
  137  9:52  Gateway  
  137  9:58  Probe  
  133  10:09  Zealot  
  133  10:11  Zealot x3  
  139  10:22  Probe x2  
  139  10:23  Charge  
  140  10:31  Colossus (Chrono Boost)  
  146  10:42  Assimilator  
  146  10:43  Assimilator, Probe x3  
  146  10:44  Photon Cannon  
  146  10:45  Zealot  
  151  10:55  Probe x2  
  152  11:00  Dark Templar x2  
  152  11:01  Dark Templar  
  158  11:08  Zealot x3  
  154  11:14  Zealot  
  156  11:23  Immortal (Chrono Boost)  
  156  11:25  Pylon  
  154  11:42  Zealot  
  154  11:43  Probe (Chrono Boost)  
  154  11:44  Probe x2 (Chrono Boost)  
  154  11:46  Sentry x2  
  146  11:54  Probe (Chrono Boost)  
  146  11:55  Probe (Chrono Boost)  
  146  12:01  Probe x2 (Chrono Boost)  
  149  12:04  Probe (Chrono Boost)  
  149  12:06  Stalker x2, Sentry x3  
  149  12:07  Probe (Chrono Boost)  
  137  12:28  Probe x2  
  133  12:30  Immortal  
  130  12:39  Dark Templar x2  
  130  12:40  Dark Templar  
  130  12:42  Probe (Chrono Boost)  
  140  12:45  Templar Archives  
  140  12:47  Probe x3 (Chrono Boost)  
  140  12:50  Photon Cannon, Shield Battery  
  140  12:54  Probe (Chrono Boost)  
  140  12:57  Probe  
  140  13:01  Photon Cannon  
  140  13:03  Shield Battery  
  140  13:04  Probe  
  140  13:05  Pylon, Probe x2  
  143  13:14  Zealot x4  
  143  13:15  Zealot x2  
  143  13:18  Probe  
  149  13:20  Probe  
  149  13:21  Probe x2  
  149  13:29  High Templar  
  149  13:31  Psionic Storm  
  139  13:50  Immortal  
  111  13:59  High Templar x2  
  108  14:13  Zealot x5  
  103  14:17  Assimilator  
  103  14:18  Assimilator, Photon Cannon x2  
  103  14:22  Assimilator  
  95  14:39  Nexus  
  95  14:40  Stalker x4  
Show
View Real Time Build Order
Export as new Build Order

AGOElazer Zerg - Winner!

Build Orders: Hatch First 

Get SALT Encoding   

  12  0:00  Drone  
  13  0:12  Overlord  
  13  0:16  Drone  
  14  0:31  Drone x2  
  16  0:41  Drone  
  17  0:51  Hatchery  
  17  0:54  Drone  
  17  0:57  Drone  
  18  1:09  Extractor  
  17  1:12  Spawning Pool  
  17  1:15  Drone  
  17  1:18  Drone  
  18  1:28  Drone  
  19  1:39  Drone  
  20  1:49  Overlord  
  20  1:59  Queen  
  22  2:02  Queen  
  22  2:03  Drone  
  22  2:04  Zergling x2  
  22  2:08  Metabolic Boost  
  26  2:11  Zergling x2  
  26  2:14  Drone  
  28  2:22  Drone  
  29  2:24  Drone  
  30  2:33  Drone  
  30  2:35  Drone  
  32  2:39  Queen  
  34  2:46  Drone  
  34  2:47  Overlord  
  35  2:51  Hatchery  
  35  2:55  Zergling x2  
  35  2:57  Drone  
  36  3:07  Zergling x2  
  36  3:10  Drone x3  
  36  3:11  Drone  
  36  3:12  Zergling x2  
  42  3:13  Queen  
  42  3:16  Overlord  
  44  3:38  Drone x5  
  48  3:43  Drone  
  48  3:46  Drone  
  50  3:48  Overlord  
  50  3:51  Drone x2  
  52  4:02  Queen  
  52  4:03  Queen  
  52  4:04  Spore Crawler  
  52  4:06  Drone x3  
  52  4:07  Overlord  
  52  4:09  Drone x2, Spore Crawler  
  60  4:15  Overlord  
  59  4:18  Drone x2  
  59  4:20  Spore Crawler  
  59  4:23  Spore Crawler  
  58  4:25  Drone x7  
  58  4:29  Extractor  
  58  4:30  Lair, Extractor  
  65  4:33  Roach Warren  
  65  4:35  Drone, Spore Crawler  
  63  4:43  Drone x4  
  67  4:51  Overlord  
  67  4:54  Drone  
  67  4:55  Drone x4  
  67  4:56  Overlord  
  72  5:00  Zergling x6  
  72  5:05  Overlord  
  75  5:10  Zergling x10  
  80  5:15  Overlord  
  78  5:21  Overlord  
  78  5:30  Nydus Network, Roach x7  
  78  5:33  Zergling x4  
  92  5:44  Zergling x12  
  97  5:51  Spore Crawler  
  97  5:53  Zergling x14  
  103  5:59  Queen x2  
  103  6:01  Queen  
  109  6:06  Nydus Canal  
  109  6:08  Ravager  
  109  6:09  Ravager x2  
  109  6:10  Overlord  
  112  6:15  Zergling x12  
  114  6:19  Zergling x8  
  118  6:27  Ravager x2  
  118  6:28  Zergling x12  
  126  6:37  Zergling x4  
  117  6:43  Zergling x10  
  117  6:46  Queen x2  
  121  6:47  Queen  
  121  6:48  Zergling x2  
  121  6:49  Zergling x2  
  120  6:56  Nydus Canal  
  120  6:57  Zergling x10  
  121  7:04  Zergling x2  
  121  7:06  Ravager x2  
  123  7:13  Overlord  
  123  7:14  Drone x2  
  122  7:17  Extractor  
  121  7:23  Drone x2  
  121  7:24  Drone x7  
  121  7:25  Hatchery  
  129  7:31  Overlord  
  129  7:32  Hydralisk Den, Extractor  
  129  7:33  Evolution Chamber  
  129  7:35  Drone x2  
  128  7:40  Overlord  
  128  7:42  Drone x2  
  130  7:47  Baneling Nest  
  129  7:54  Overlord  
  128  8:00  Extractor  
  128  8:01  Zerg Melee Weapons Level 1  
  128  8:02  Drone x3, Grooved Spines  
  130  8:06  Drone x2  
  130  8:08  Drone, Overlord  
  130  8:09  Drone, Overlord  
  134  8:13  Nydus Canal  
  134  8:17  Overlord  
  134  8:19  Infestation Pit  
  121  8:24  Drone x2  
  112  8:42  Overlord  
  112  8:43  Drone x3  
  112  8:44  Drone  
  112  8:45  Centrifical Hooks, Hydralisk  
  112  8:46  Hydralisk x8  
  134  9:02  Drone, Overlord  
  133  9:03  Drone x4  
  133  9:07  Drone  
  136  9:11  Hive  
  136  9:13  Muscular Augments  
  136  9:14  Hydralisk x3  
  141  9:21  Hydralisk x4  
  149  9:26  Hydralisk  
  150  9:31  Zergling x16  
  150  9:36  Overlord  
  150  9:38  Extractor x2  
  150  9:42  Drone x2  
  152  9:52  Zergling x24  
  164  9:54  Baneling  
  164  9:55  Baneling x3  
  164  9:57  Baneling x5, Hatchery  
  163  10:07  Zergling x14  
  169  10:16  Overlord  
  169  10:18  Drone x4  
  172  10:26  Viper x3  
  178  10:31  Zergling x2  
  178  10:32  Zerg Melee Weapons Level 2, Zergling x18  
  187  10:38  Adrenal Glands  
  187  10:46  Zergling x14  
  187  10:48  Baneling  
  187  10:49  Baneling x6  
  194  10:56  Baneling x6, Overseer  
  192  11:00  Overlord  
  185  11:12  Zergling x12  
  185  11:17  Zergling x2, Overlord  
  185  11:18  Zergling x6  
  190  11:19  Baneling  
  190  11:20  Baneling x5  
  189  11:27  Baneling x11  
  189  11:30  Zergling x20  
  188  11:43  Zergling x18  
  188  11:44  Zergling x4  
  195  11:51  Baneling x16  
  195  11:54  Overseer  
  188  12:05  Hydralisk x5  
  176  12:25  Hydralisk x7  
  176  12:28  Zergling x20  
  183  12:37  Viper x2  
  178  12:38  Viper  
  178  12:42  Overseer  
  186  12:46  Drone  
  186  12:48  Drone x3  
  189  13:04  Drone  
  189  13:05  Lurker Den  
  189  13:09  Overseer x3  
  188  13:12  Pneumatized Carapace  
  188  13:17  Zergling x22  
  192  13:40  Zergling x4  
  192  13:41  Zergling x16  
  181  13:54  Hydralisk x9  
  187  13:56  Zergling x8  
  187  13:57  Overseer  
  187  14:02  Zergling x2  
  178  14:11  Zergling x10  
  178  14:15  Zergling x4  
  184  14:23  Zergling x6  
  186  14:27  Zergling x8  
  189  14:34  Nydus Canal  
Tags
 
Add a new tag
Caveats
  • Supply blocks, unpowered buildings, or Contaminate may cause inaccurate times.
  • Supply counts are checked every 10 seconds.